 Dungeon Crawl Stone Soup version 0.18-b1-23-gf76aad1 (webtiles) character file.

61 tbh1313 the Sneak (level 3, 0/16 HPs)
             Began as a Spriggan Enchanter on May 4, 2016.
             Slain by a bat (1 damage)
             ... on level 2 of the Dungeon.
             The game lasted 00:04:00 (1388 turns).

tbh1313 the Sneak (Spriggan Enchanter)              Turns: 1388, Time: 00:04:00

Health: 0/16       AC:  3    Str:  5    XL:     3   Next: 83%
Magic:  8/8        EV: 18    Int: 16    God:
Gold:   63         SH:  0    Dex: 16    Spells: 3 memorised, 1 level left

rFire  . . .     SeeInvis +     a - +2 dagger (speed)
rCold  . . .     Gourm    .     j - +1 robe
rNeg   . . .     Faith    .     (shield restricted)
rPois  .         Spirit   .     (helmet restricted)
rElec  .         Dismiss  .     (no cloak)
rCorr  .         Reflect  .     (gloves unavailable)
SustAt .         Harm     .     (boots unavailable)
MR     .....                    (no amulet)
Stlth  ++++......               (no ring)
                                i - ring of see invisible

@: very quick, not resistant to hostile enchantments, stealthy
A: unfitting armour, see invisible, herbivore 3, speed 3, slow metabolism 2
a: no special abilities


You were on level 2 of the Dungeon.
You were not hungry.

You visited 1 branch of the dungeon, and saw 2 of its levels.

You collected 63 gold pieces.

Inventory:

Hand Weapons
 a - a +2 dagger of speed (weapon)
 b - a +0 short sword of speed
Armour
 j - a +1 robe (worn)
Jewellery
 i - a ring of see invisible (left hand)
Scrolls
 e - 2 scrolls of identify {unknown}
 g - 2 scrolls of random uselessness {unknown}
 h - 2 scrolls of teleportation {unknown}
 k - a scroll of enchant weapon {unknown}
Potions
 f - a potion of curing {unknown}
 l - a potion of invisibility {unknown}
Books
 c - a book of Maledictions

   Spells                             Type                      Level
   a - Corona                         Hexes                        1
   b - Ensorcelled Hibernation        Hexes/Ice                    2
   c - Confuse                        Hexes                        3
   d - Tukima's Dance                 Hexes                        3
   e - Dazzling Spray                 Conjuration/Hexes            3
Comestibles
 d - a bread ration


   Skills:
 - Level 1.1 Short Blades
 - Level 3.0 Dodging
 + Level 7.4 Stealth
 - Level 2.6 Spellcasting
 - Level 3.6 Hexes


You had one spell level left.
You knew the following spells:

 Your Spells              Type           Power        Failure   Level  Hunger
a - Corona                Hex            ##.....      6%          1    #......
b - Ensorcelled Hibernat  Hex/Ice        #.....       17%         2    ##.....
c - Dazzling Spray        Conj/Hex       #.......     34%         3    ###....


Dungeon Overview and Level Annotations

Branches:
Dungeon (2/15)

Altars:


Innate Abilities, Weirdness & Mutations

You are tiny and cannot use many weapons and most armour.
You have supernaturally acute eyesight.
You are a herbivore.
You cover ground extremely quickly.
You need consume almost no food.


Message History

The giant gecko is severely wounded.
The bat hits you.
* * * LOW HITPOINT WARNING * * *
The bat misses you. The bat closely misses you.
The giant gecko closely misses you.
You hit the giant gecko.
You kill the giant gecko!
The bat completely misses you. The bat barely misses you.
You hit the bat.
The bat is moderately wounded.
The bat barely misses you. The bat hits you but does no damage.
The bat barely misses you.
You hit the bat.
You kill the bat!
The bat closely misses you. The bat misses you.
You hit the bat but do no damage.
The bat is moderately wounded.
The bat hits you.
You die...

#.#.........##.# ## #.>†.
.##.#.........#... .# #.....
#................# #.#
#....###
####.#...............#....##
# #..........##.#.#.....
#.###......##..... .. #.
#..#.....#.#.#.#. .
#.###.$......... #.
#.###...@#.#.#.#
........b.......
.#.##...†...#.... .b
#.............
#........#.#.. #.........#..
#.......%#.#.#
#...........#. ##.....>.#.#.


You could see a bat.

Vanquished Creatures
  An adder (D:2)
  A worm (D:2)
  5 dart slugs (D:1)
  2 giant geckos
  2 giant cockroaches (D:1)
  4 goblins
  7 hobgoblins
  6 jackals
  3 bats
  A kobold (D:1)
  2 rats (D:1)
34 creatures vanquished.

Notes
Turn   | Place    | Note
--------------------------------------------------------------
     0 | D:1      | tbh1313 the Spriggan Enchanter began the quest for the Orb.
     0 | D:1      | Reached XP level 1. HP: 9/9 MP: 5/5
   125 | D:1      | Reached skill level 5 in Stealth
   228 | D:1      | Reached XP level 2. HP: 13/13 MP: 6/6
   327 | D:1      | Reached skill level 6 in Stealth
   657 | D:1      | Reached XP level 3. HP: 16/16 MP: 8/8
   661 | D:1      | Learned a level 2 spell: Ensorcelled Hibernation
   665 | D:1      | Learned a level 3 spell: Dazzling Spray
  1348 | D:2      | Reached skill level 7 in Stealth
  1388 | D:2      | Slain by a bat

Skill      XL: |  1  2  3 |
---------------+----------+-----
Stealth        | 5 6 7 |  7.4
Short Blades   | |  1.1
Dodging        | |  3.0
Spellcasting   | |  2.6
Hexes          | |  3.6

Action                   || total
-------------------------++-------
Melee: Dagger            ||   142
       Short sword       ||     3
 Cast: Corona            ||     1
 Stab: Sleeping          ||     9
Armor: Robe              ||    31
Dodge: Dodged            ||   156
